 Dungeon Crawl Stone Soup version 0.29.1-1-gd02db6906a (webtiles) character file.

Game seed: 11016731805027489965

172 nshep25 the Chopper (level 5, -3/43 HPs)
             Began as a Gnoll Wanderer on Oct 14, 2022.
             Hit by a boomerang thrown by an orc (4 damage)
             ... on level 3 of the Dungeon.
             The game lasted 00:10:42 (2133 turns).

nshep25 the Chopper (Gnoll Wanderer)                Turns: 2133, Time: 00:10:43

Health: -3/43      AC:  5    Str: 12    XL:     5   Next: 53%
Magic:  3/9        EV: 12    Int: 11    God:
Gold:   133        SH:  0    Dex: 13    Spells: 4/10 levels left

rFire   . . .      SeeInvis .   a - +2 hand axe
rCold   + . .      Faith    .   (no shield)
rNeg    . . .      Spirit   .   d - +0 leather armour
rPois   .          Reflect  .   (no helmet)
rElec   .          Harm     .   i - +0 cloak
rCorr   .          Rampage  .   b - +0 pair of gloves
Will    .....                   (no boots)
Stlth   ++........              (no amulet)
HPRegen 0.14/turn               f - ring of protection from cold
MPRegen 0.11/turn               (no ring)

@: no status effects
A: fangs 1, strong nose, distributed training
a: no special abilities


You were on level 3 of the Dungeon.
You visited 1 branch of the dungeon, and saw 3 of its levels.

You collected 133 gold pieces.

Inventory:

Hand Weapons
 a - a +2 hand axe (weapon)
 o - a +0 sling
Missiles
 e - 36 stones
Armour
 b - a +0 pair of gloves (worn)
 d - a +0 leather armour (worn)
 i - a +0 cloak (worn)
Jewellery
 f - a ring of protection from cold (left hand)
Scrolls
 c - a scroll of teleportation
 g - a scroll of fog {unknown}
 h - a scroll of blinking {unknown}
 k - a scroll of identify {unknown}
 l - a scroll of enchant armour {unknown}
 m - a scroll of magic mapping {unknown}
Potions
 j - a potion of berserk rage {unknown}
 n - a potion of might {unknown}


   Skills:
 + Level 4.8 Fighting
 + Level 1.6 Short Blades
 + Level 1.6 Long Blades
 + Level 6.7 Axes
 + Level 1.6 Maces & Flails
 + Level 1.6 Polearms
 + Level 1.6 Staves
 + Level 1.6 Ranged Weapons
 + Level 3.0 Throwing
 + Level 1.6 Armour
 + Level 3.0 Dodging
 + Level 1.6 Stealth
 + Level 1.6 Shields
 + Level 1.6 Unarmed Combat
 + Level 3.2 Spellcasting
 + Level 1.2 Conjurations
 + Level 1.2 Hexes
 + Level 1.2 Summonings
 + Level 1.2 Necromancy
 + Level 1.2 Translocations
 + Level 1.2 Transmutations
 + Level 1.2 Fire Magic
 + Level 1.2 Ice Magic
 + Level 1.2 Air Magic
 + Level 4.0 Earth Magic
 + Level 1.2 Poison Magic
 + Level 1.8 Invocations
 + Level 1.6 Evocations


You had 4 spell levels left.
You knew the following spells:

 Your Spells              Type           Power      Damage    Failure   Level
a - Sandblast             Erth           20%        2d7       6%          1
b - Stone Arrow           Conj/Erth      14%        3d7       32%         3
c - Passwall              Tmut/Erth      5%         N/A       17%         2

Your spell library contained the following spells:

 Spells                   Type           Power      Damage    Failure   Level
 Ensorcelled Hibernation  Hex/Ice        8%         N/A       28%         2
 Swiftness                Air            4%         N/A       50%         3


Dungeon Overview and Level Annotations

Branches:
Dungeon (3/15)

Altars:
Yredelemnul


Innate Abilities, Weirdness & Mutations

You have very sharp teeth.
Your uncanny sense of smell can sniff out nearby items.
Your experience applies equally to all skills.


Message History

The blast of sand hits something but does no damage.
Casting: Sandblast (safe; 6% risk of failure)
Confirm with . or Enter, or press ? or * to list all spells.
The spell is quite dangerous to miscast (34% risk of failure)!
Continue anyway?
Aiming: Stone Arrow (quite dangerous; 34% risk of failure)
Press: ? - help, Shift-Dir - straight line, f - orc wizard, p - orc
Aim: an orc wizard, wielding a +0 dagger and wearing a +0 robe (55% to hit)
The stone arrow hits the orc wizard!
The orc wizard is heavily wounded.
Something hits you but does no damage.
Casting: Stone Arrow (quite dangerous; 34% risk of failure)
Confirm with . or Enter, or press ? or * to list all spells.
The spell is quite dangerous to miscast (34% risk of failure)!
Continue anyway?
Aiming: Stone Arrow (quite dangerous; 34% risk of failure)
Press: ? - help, Shift-Dir - straight line, f/p - orc wizard
Aim: an orc wizard, wielding a +0 dagger and wearing a +0 robe (heavily wounded, 55% to hit)
The stone arrow hits the orc wizard!
You kill the orc wizard!
Something hits you but does no damage.
You closely miss something.
The orc throws a boomerang.
The boomerang hits you but does no damage.
Something hits you.
You completely miss something. You bite something.
The orc throws a boomerang.
The boomerang closely misses you. Something hits you.
* * * LOW HITPOINT WARNING * * *
You barely miss something. Something hits you but does no damage.
You closely miss something.
You hear some strange, mumbled words.
A magic dart appears from out of thin air!
The magic dart hits you.
* * * LOW HITPOINT WARNING * * *
The orc throws a boomerang.
The boomerang barely misses you.
You closely miss something. Your bite misses something. Something hits you.
* * * LOW HITPOINT WARNING * * *
You miss something. Something hits you but does no damage.
You closely miss something. Something hits you.
* * * LOW HITPOINT WARNING * * *
You slash something! Something hits you but does no damage.
The orc throws a boomerang.
The boomerang hits you.
You die...

#......# #.....#
##......###.....#
................#
....##..........# ...
................# ######...
.###............# ###........
.#.#............# #..........
.#'#............###..........#
................@{o...........
#####...........###†.....#....
#...###.######### #......#....
#._.##.......######...........
#...##.......................#
#######......................#
####...........).......#
...................#
........##.........


You could see an orc.

Vanquished Creatures
  An orc wizard (D:3)
  7 adders
  A worm (D:2)
  A dart slug (D:1)
  4 orcs (D:3)
  4 endoplasms
  3 giant cockroaches (D:1)
  5 goblins
  10 hobgoblins
  4 jackals
  3 quokkas (D:1)
  3 ball pythons
  12 bats
  A frilled lizard (D:1)
  A goblin skeleton (D:3)
  A goblin zombie (D:3)
  8 kobolds
  A rat (D:2)
70 creatures vanquished.

Vanquished Creatures (others)
  A frilled lizard (D:3)
1 creature vanquished.

Grand Total: 71 creatures vanquished

Notes
Turn   | Place    | Note
-------+----------+-------------------------------------------
     0 | D:1      | nshep25 the Gnoll Wanderer began the quest for the Orb.
     0 | D:1      | nshep25 set off with the following items: a +2 hand axe, a
                  | +0 pair of gloves, a scroll of teleportation, a +0 leather
                  | armour; and the following spell memorised: Sandblast; and
                  | the following spells available to memorise: Stone Arrow.
     0 | D:1      | Reached XP level 1. HP: 20/20 MP: 4/4
   127 | D:1      | Reached XP level 2. HP: 25/26 MP: 5/5
   328 | D:1      | Reached XP level 3. HP: 31/31 MP: 4/7
   706 | D:1      | Reached skill level 1 in Invocations
  1066 | D:2      | Reached skill level 1 in Short Blades
  1066 | D:2      | Reached skill level 1 in Long Blades
  1066 | D:2      | Reached skill level 1 in Maces & Flails
  1066 | D:2      | Reached skill level 1 in Polearms
  1066 | D:2      | Reached skill level 1 in Staves
  1066 | D:2      | Reached skill level 1 in Ranged Weapons
  1066 | D:2      | Reached skill level 1 in Armour
  1066 | D:2      | Reached skill level 1 in Stealth
  1066 | D:2      | Reached skill level 1 in Shields
  1066 | D:2      | Reached skill level 1 in Unarmed Combat
  1066 | D:2      | Reached skill level 1 in Evocations
  1078 | D:2      | Reached XP level 4. HP: 27/38 MP: 8/8
  1232 | D:2      | Reached skill level 1 in Conjurations
  1232 | D:2      | Reached skill level 1 in Hexes
  1232 | D:2      | Reached skill level 1 in Summonings
  1232 | D:2      | Reached skill level 1 in Necromancy
  1232 | D:2      | Reached skill level 1 in Translocations
  1232 | D:2      | Reached skill level 1 in Transmutations
  1232 | D:2      | Reached skill level 1 in Fire Magic
  1232 | D:2      | Reached skill level 1 in Ice Magic
  1232 | D:2      | Reached skill level 1 in Air Magic
  1232 | D:2      | Reached skill level 1 in Poison Magic
  1336 | D:2      | Learned a level 3 spell: Stone Arrow
  1339 | D:2      | Learned a level 2 spell: Passwall
  1630 | D:2      | Found a faded altar of an unknown god.
  2024 | D:3      | Found a runed translucent door.
  2024 | D:3      | Noticed a human
  2027 | D:3      | Reached XP level 5. HP: 43/43 MP: 9/9
  2034 | D:3      | Found a basalt altar of Yredelemnul.
  2132 | D:3      | HP: 1/43 [something (3)]
  2133 | D:3      | Hit by a boomerang thrown by an orc

Illustrated notes

Levels and vault maps discovered:
D:1:      nicolae_arrival_washed_ashore, layout_loops_ring,
          hangedman_feature_mirror, minmay_misc_feat_iff
D:2:      layout_rooms, ebering_ecumenical_altar_ruins, st_stairs_9
D:3:      layout_basic, amethyst_overflow_temple_binary, dk_yredelemnul_ordeal

Skill      XL: |  1  2  3  4  5 |
---------------+----------------+-----
Invocations    | 1 |  1.8
Short Blades   | 1 |  1.6
Long Blades    | 1 |  1.6
Maces & Flails | 1 |  1.6
Polearms       | 1 |  1.6
Staves         | 1 |  1.6
Ranged Weapons | 1 |  1.6
Armour         | 1 |  1.6
Stealth        | 1 |  1.6
Shields        | 1 |  1.6
Unarmed Combat | 1 |  1.6
Evocations     | 1 |  1.6
Spellcasting   | 3 |  3.2
Conjurations   | 1 |  1.2
Hexes          | 1 |  1.2
Summonings     | 1 |  1.2
Necromancy     | 1 |  1.2
Translocations | 1 |  1.2
Transmutations | 1 |  1.2
Fire Magic     | 1 |  1.2
Ice Magic      | 1 |  1.2
Air Magic      | 1 |  1.2
Poison Magic   | 1 |  1.2
Throwing       | 3 |  3.0
Dodging        | 3 |  3.0
Earth Magic    | 4 |  4.0
Fighting       | |  4.8
Axes           | |  6.7

Action                   |  1- 3 |  4- 6 || total
-------------------------+-------+-------++-------
Melee: Hand axe          |    84 |    90 ||   174
       Bite              |     6 |     6 ||    12
       Punch             |     1 |     2 ||     3
 Cast: Sandblast         |     3 |     9 ||    12
       Passwall          |       |     2 ||     2
       Stone Arrow       |       |     3 ||     3
Armor: Leather armour    |    35 |    33 ||    68
Dodge: Dodged            |    69 |    50 ||   119
